Vegas Golden Knights vs Colorado Rockies
Created - Friday, August 15, 2025 at 07:35
Goals
|
| Vegas Golden Knights |
0 |
0 |
3 |
3 |
| Colorado Rockies |
0 |
1 |
1 |
2 |
|
Shots
|
| Vegas Golden Knights |
7 |
16 |
15 |
38 |
| Colorado Rockies |
3 |
19 |
9 |
31 |
|
1st period
No Goal
Penalties :
No Penalty
2nd period
1. Colorado Rockies , Tim Stutzle 5 (Nikita Kucherov 7, Andrew Peeke 4) at 8:54 (PP)
Penalties :
Mathew Barzal (VGK) for Roughing (Minor) at 5:28, Auston Matthews (VGK) for Tripping (Minor) at 7:58, Travis Hamonic (VGK) for High sticking (Double Minor) at 9:27
3rd period
2. Vegas Golden Knights , Jared McCann 4 (Sean Monahan 9, Mika Zibanejad 4) at 3:58
3. Vegas Golden Knights , Auston Matthews 4 (Bryan Rust 5, Mika Zibanejad 5) at 12:31
4. Vegas Golden Knights , Thomas Chabot 1 (Jordan Staal 3, Jack Johnson 4) at 18:53
5. Colorado Rockies , Kyle Palmieri 1 (Quinn Hughes 4) at 19:53
Penalties :
Bryan Rust (VGK) for Tripping (Minor) at 5:02, Nick Bonino (COL) for Tripping (Minor) at 15:16
Goalie Stats
Mackenzie Blackwood (VGK), 29 saves from 31 shots - (0.935), W, 6-1-0, 60:00 minutes
Joey Daccord (COL), 35 saves from 38 shots - (0.921), L, 2-2-1, 60:00 minutes
Players Stats for Vegas Golden Knights
Player Name G A P +/- PIM S H SB GA TA FO MP PP MP PK MP
------------------------------------------------------------------------------------
Andreas Athanasiou 0 0 0 0 0 1 0 2 1 1 2/7 13:26 0:00 4:27
Anthony Mantha 0 0 0 0 0 3 0 0 1 0 0/0 9:47 0:53 0:00
Auston Matthews 1 0 1 1 2 2 1 1 0 1 0/0 14:46 1:06 0:09
Bryan Rust 0 1 1 1 2 5 4 0 0 0 1/2 14:53 1:06 0:09
Erik Johnson 0 0 0 -1 0 0 1 1 0 2 0/0 16:48 0:00 4:04
Jack Johnson 0 1 1 -1 0 0 0 1 1 1 0/0 16:23 0:00 4:04
Jared McCann 1 0 1 0 0 4 1 1 1 0 0/0 15:14 0:53 0:00
Jordan Staal 0 1 1 1 0 0 2 2 0 0 11/16 17:31 0:00 4:17
Mathew Barzal 0 0 0 0 2 2 0 0 3 0 0/0 13:40 1:06 0:00
Mathieu Olivier 0 0 0 1 0 0 1 1 0 1 0/1 13:01 0:00 4:27
Mika Zibanejad 0 2 2 2 0 3 2 0 1 0 8/16 14:42 1:06 0:00
Reilly Smith 0 0 0 0 0 1 0 0 0 0 1/2 17:33 0:00 4:17
Roman Josi 0 0 0 0 0 1 2 2 0 0 0/0 22:07 0:53 0:38
Sean Monahan 0 1 1 0 0 5 1 0 0 0 8/11 15:02 0:53 0:00
Shea Theodore 0 0 0 0 0 1 0 0 0 0 0/0 23:05 1:06 2:01
Thomas Chabot 1 0 1 3 0 6 1 0 0 0 0/0 20:14 0:00 4:49
Travis Hamonic 0 0 0 3 4 0 2 1 0 0 0/0 17:37 0:00 2:10
Tyler Toffoli 0 0 0 0 0 4 4 0 0 1 1/1 15:14 0:53 0:00
Players Stats for Colorado Rockies
Player Name G A P +/- PIM S H SB GA TA FO MP PP MP PK MP
------------------------------------------------------------------------------------
Andrew Peeke 0 1 1 0 0 1 0 2 0 1 0/0 22:19 4:28 0:40
David Pastrnak 0 0 0 1 0 4 1 0 1 0 0/0 19:22 4:01 0:54
Evgeny Kuznetsov 0 0 0 0 0 0 0 0 0 0 0/1 9:11 0:08 0:00
Jesper Bratt 0 0 0 1 0 4 2 0 1 0 0/1 19:31 4:01 1:03
Kevin Hayes 0 0 0 -1 0 0 2 0 0 0 0/0 12:10 0:08 0:00
Kyle Connor 0 0 0 -2 0 2 1 1 0 0 0/0 18:18 4:44 0:54
Kyle Palmieri 1 0 1 1 0 2 0 1 0 1 10/19 18:36 4:01 0:00
Martin Fehervary 0 0 0 -1 0 2 2 0 0 0 0/0 22:13 4:25 1:19
Michael Bunting 0 0 0 -1 0 1 1 1 2 0 0/0 12:03 0:00 0:02
Nick Bonino 0 0 0 0 2 0 0 0 0 0 0/0 8:36 0:00 0:00
Nick Schmaltz 0 0 0 -1 0 1 1 1 0 0 4/16 13:49 0:08 0:02
Nikita Kucherov 0 1 1 -2 0 3 1 1 1 0 1/3 19:43 4:44 1:03
Philipp Kurashev 0 0 0 0 0 1 1 1 1 0 0/1 8:55 0:00 0:00
Quinn Hughes 0 1 1 0 0 1 0 0 0 1 0/0 17:25 0:00 0:00
Tim Stutzle 1 0 1 -2 0 4 1 0 1 2 9/15 19:00 4:44 0:00
Victor Hedman 0 0 0 -1 0 1 0 2 0 1 0/0 21:50 4:25 1:19
Vince Dunn 0 0 0 -1 0 3 1 1 0 2 0/0 19:14 4:28 0:00
Zach Whitecloud 0 0 0 -1 0 1 1 0 0 0 0/0 15:45 0:00 0:40
3 Stars
1 - Thomas Chabot (VGK)
2 - Mika Zibanejad (VGK)
3 - Jared McCann (VGK)
Power Play
Vegas Golden Knights - 0 on 1 Attempt(s) - 0.00%
Colorado Rockies - 1 on 5 Attempt(s) - 20.00%
Penalty Kill
Vegas Golden Knights - 4 on 5 Attempt(s) - 80.00%
- Score 0 goal in Penalty Kill
Colorado Rockies - 1 on 1 Attempt(s) - 100.00%
- Score 0 goal in Penalty Kill
Team Stat
Vegas Golden Knights - Hits : 22 - Faceoff Wins : 32 - Blocked Shots : 12 - Penalty Minutes : 10
Colorado Rockies - Hits : 15 - Faceoff Wins : 24 - Blocked Shots : 11 - Penalty Minutes : 2
Official
Referees : Dan O'Rourke and Conor O'Donnell
Linesman : James Tobias and Justin Johnson
Game Notes
No Game Note
Finance
Level 1 -- Attendance: 5839 (97.32%) -- Ticket Income $525,510
Level 2 -- Attendance: 4462 (89.24%) -- Ticket Income $245,410
Level 3 -- Attendance: 2473 (82.43%) -- Ticket Income $86,555
Level 4 -- Attendance: 3764 (75.28%) -- Ticket Income $94,100
Luxury Box -- Attendance: 976 (97.60%) -- Ticket Income $170,800
Game was played at the Pepsi Center.
Total Attendance: 17514 (87.57%)
Total Ticket Income: $1,122,375
Other Income: $392,831
Total Income: $1,515,206
Vegas Golden Knights
5 vs 5 Forward
Center Left Wing Right Wing Time % Phy DF OF
1 Mika Zibanejad Auston Matthews Bryan Rust 30 1 2 2
2 Sean Monahan Jared McCann Tyler Toffoli 30 1 2 2
3 Jordan Staal Mathew Barzal Reilly Smith 25 1 2 2
4 Andreas Athanasiou Mathieu Olivier Anthony Mantha 15 1 2 2
5 vs 5 Defense
Defense Defense Time % Phy DF OF
1 Roman Josi Shea Theodore 30 1 2 2
2 Thomas Chabot Travis Hamonic 30 1 2 2
3 Jack Johnson Erik Johnson 25 1 2 2
4 Roman Josi Shea Theodore 15 1 2 2
PowerPlay Forward
Center Left Wing Right Wing Time % Phy DF OF
1 Mika Zibanejad Auston Matthews Bryan Rust 50 1 2 2
2 Sean Monahan Jared McCann Tyler Toffoli 50 1 2 2
PowerPlay Defense
Defense Defense Time % Phy DF OF
1 Shea Theodore Mathew Barzal 50 1 2 2
2 Roman Josi Anthony Mantha 50 1 2 2
Penalty Kill 4 Players Forward
Center Wing Time % Phy DF OF
1 Jordan Staal Reilly Smith 50 1 2 2
2 Andreas Athanasiou Mathieu Olivier 50 1 2 2
Penalty Kill 4 Players Defense
Defense Defense Time % Phy DF OF
1 Thomas Chabot Travis Hamonic 50 1 2 2
2 Jack Johnson Erik Johnson 50 1 2 2
Penalty Kill - 3 Players Forward
Forward Time % Phy DF OF
1 Jordan Staal 50 1 2 2
2 Andreas Athanasiou 50 1 2 2
Penalty Kill - 3 Players Defense
Defense Defense Time % Phy DF OF
1 Thomas Chabot Travis Hamonic 50 1 2 2
2 Jack Johnson Erik Johnson 50 1 2 2
4 vs 4 Forward
Center Wing Time % Phy DF OF
1 Mika Zibanejad Auston Matthews 50 1 2 2
2 Sean Monahan Tyler Toffoli 50 1 2 2
4 vs 4 Defense
Defense Defense Time % Phy DF OF
1 Shea Theodore Roman Josi 50 1 2 2
2 Thomas Chabot Travis Hamonic 50 1 2 2
Last Minutes Offensive
Center Left Wing Right Wing Defense Defense
Sean Monahan Auston Matthews Bryan Rust Shea Theodore Roman Josi
Last Minutes Defensive
Center Left Wing Right Wing Defense Defense
Jordan Staal Mathieu Olivier Reilly Smith Thomas Chabot Travis Hamonic
Goaltenders
Starting : Mackenzie Blackwood
Backup : Sergei Bobrovsky
Extra Forwards
Normal : Sean Monahan, Auston Matthews, Mika Zibanejad - PP : Jordan Staal, Reilly Smith - PK : Bryan Rust
Extra Defensemen
Normal : Thomas Chabot, Shea Theodore, Roman Josi - PP : Thomas Chabot - PK : Shea Theodore, Roman Josi
Penalty Shots
Mika Zibanejad, Sean Monahan, Bryan Rust, Anthony Mantha, Auston Matthews
Scratches
Brendan Smith (Healthy), Cole Smith (Healthy)
Colorado Rockies
5 vs 5 Forward
Center Left Wing Right Wing Time % Phy DF OF
1 Tim Stutzle Kyle Connor Nikita Kucherov 30 1 2 2
2 Kyle Palmieri Jesper Bratt David Pastrnak 30 1 2 2
3 Nick Schmaltz Michael Bunting Kevin Hayes 25 1 2 2
4 Evgeny Kuznetsov Nick Bonino Philipp Kurashev 15 1 2 2
5 vs 5 Defense
Defense Defense Time % Phy DF OF
1 Victor Hedman Martin Fehervary 35 1 2 2
2 Quinn Hughes Andrew Peeke 35 1 2 2
3 Vince Dunn Zach Whitecloud 30 1 2 2
4 Victor Hedman Martin Fehervary 0 1 2 2
PowerPlay Forward
Center Left Wing Right Wing Time % Phy DF OF
1 Tim Stutzle Kyle Connor Nikita Kucherov 50 1 2 2
2 Kyle Palmieri Jesper Bratt David Pastrnak 50 1 2 2
PowerPlay Defense
Defense Defense Time % Phy DF OF
1 Victor Hedman Martin Fehervary 50 1 2 2
2 Vince Dunn Andrew Peeke 50 1 2 2
Penalty Kill 4 Players Forward
Center Wing Time % Phy DF OF
1 Nikita Kucherov Jesper Bratt 50 1 2 2
2 David Pastrnak Kyle Connor 50 1 2 2
Penalty Kill 4 Players Defense
Defense Defense Time % Phy DF OF
1 Victor Hedman Martin Fehervary 50 1 2 2
2 Zach Whitecloud Andrew Peeke 50 1 2 2
Penalty Kill - 3 Players Forward
Forward Time % Phy DF OF
1 Nikita Kucherov 50 1 2 2
2 Kyle Connor 50 1 2 2
Penalty Kill - 3 Players Defense
Defense Defense Time % Phy DF OF
1 Victor Hedman Martin Fehervary 50 1 2 2
2 Zach Whitecloud Andrew Peeke 50 1 2 2
4 vs 4 Forward
Center Wing Time % Phy DF OF
1 Nikita Kucherov Nick Schmaltz 50 1 2 2
2 David Pastrnak Kyle Connor 50 1 2 2
4 vs 4 Defense
Defense Defense Time % Phy DF OF
1 Victor Hedman Martin Fehervary 50 1 2 2
2 Vince Dunn Andrew Peeke 50 1 2 2
Last Minutes Offensive
Center Left Wing Right Wing Defense Defense
Tim Stutzle Kyle Connor Nikita Kucherov Victor Hedman Martin Fehervary
Last Minutes Defensive
Center Left Wing Right Wing Defense Defense
Tim Stutzle Kyle Connor Nikita Kucherov Victor Hedman Martin Fehervary
Goaltenders
Starting : Joey Daccord
Backup : Daniil Tarasov
Extra Forwards
Normal : Evgeny Kuznetsov, Nick Schmaltz, Michael Bunting - PP : Evgeny Kuznetsov, Nick Schmaltz - PK : Michael Bunting
Extra Defensemen
Normal : Vince Dunn, Zach Whitecloud, Martin Fehervary - PP : Vince Dunn - PK : Zach Whitecloud, Victor Hedman
Penalty Shots
Nikita Kucherov, Michael Bunting, David Pastrnak, Kyle Connor, Jesper Bratt
Scratches
Arvid Soderblom (Healthy)
% Time on Ice - Vegas Golden Knights
Lines # - Real PCT - Wanted PCT - Time Play
Normal Forward
1 - 28% - 30% - 13:42
2 - 31% - 30% - 15:12
3 - 25% - 25% - 12:00
4 - 16% - 15% - 8:00
Normal Defense
1 - 30% - 30% - 14:47
2 - 32% - 30% - 15:40
3 - 26% - 25% - 12:44
4 - 12% - 15% - 5:43
PP Forward
1 - 55% - 50% - 1:06
2 - 45% - 50% - 0:53
PP Defense
1 - 55% - 50% - 1:06
2 - 45% - 50% - 0:53
PK Forward
1 - 50% - 50% - 4:26
2 - 50% - 50% - 4:27
PK Defense
1 - 54% - 50% - 4:49
2 - 46% - 50% - 4:04
PK3 Forward
1 - 0% - 50%
2 - 0% - 50%
PK3 Defense
1 - 0% - 50%
2 - 0% - 50%
44 Forward
1 - 0% - 50%
2 - 0% - 50%
44 Defense
1 - 0% - 50%
2 - 0% - 50%
Last Minute Offensive - 0:00
Last Minute Defensive - 0:14
Total
Forward - 60:00
Defense - 60:00
|
% Time on Ice - Colorado Rockies
Lines # - Real PCT - Wanted PCT - Time Play
Normal Forward
1 - 29% - 30% - 14:01
2 - 30% - 30% - 14:38
3 - 25% - 25% - 12:13
4 - 17% - 15% - 8:10
Normal Defense
1 - 34% - 35% - 16:37
2 - 36% - 35% - 17:40
3 - 29% - 30% - 14:10
4 - 1% - 0% - 0:35
PP Forward
1 - 55% - 50% - 4:52
2 - 45% - 50% - 4:01
PP Defense
1 - 50% - 50% - 4:25
2 - 50% - 50% - 4:28
PK Forward
1 - 53% - 50% - 1:03
2 - 47% - 50% - 0:56
PK Defense
1 - 66% - 50% - 1:19
2 - 34% - 50% - 0:40
PK3 Forward
1 - 0% - 50%
2 - 0% - 50%
PK3 Defense
1 - 0% - 50%
2 - 0% - 50%
44 Forward
1 - 0% - 50%
2 - 0% - 50%
44 Defense
1 - 0% - 50%
2 - 0% - 50%
Last Minute Offensive - 0:06
Last Minute Defensive - 0:00
Total
Forward - 60:00
Defense - 60:00
|
Play-by-Play
1st period
0:01 of 1st period - Tim Stutzle wins face-off versus Mika Zibanejad in neutral zone.
0:14 of 1st period - Martin Fehervary is hit by Bryan Rust and loses puck.
0:46 of 1st period - Slapshot by Nikita Kucherov.
0:46 of 1st period - Shot Misses the Net.
1:52 of 1st period - Snap shot by Reilly Smith.
1:52 of 1st period - Shot Misses the Net.
2:14 of 1st period - Wrist shot by Nikita Kucherov.
2:14 of 1st period - Shot Misses the Net.
2:32 of 1st period - Wrist shot by Mathew Barzal.
2:32 of 1st period - Shot Misses the Net.
2:34 of 1st period - Wrist shot by Reilly Smith.
2:34 of 1st period - Shot Blocked by Nikita Kucherov.
2:56 of 1st period - Snap shot by Tim Stutzle.
2:56 of 1st period - Stopped by Mackenzie Blackwood with a rebound.
3:02 of 1st period - Quinn Hughes is hit by Jordan Staal.
3:14 of 1st period - Slapshot by Kyle Connor.
3:14 of 1st period - Stopped by Mackenzie Blackwood with a rebound.
3:26 of 1st period - Wrist shot by Mathew Barzal.
3:26 of 1st period - Shot Blocked by Kyle Connor.
3:28 of 1st period - Wrist shot by Reilly Smith.
3:28 of 1st period - Stopped by Joey Daccord without a rebound.
3:29 of 1st period - Sean Monahan wins face-off versus Kyle Palmieri in Colorado Rockies zone.
3:59 of 1st period - Snap shot by Anthony Mantha.
3:59 of 1st period - Stopped by Joey Daccord with a rebound.
4:19 of 1st period - Zach Whitecloud is hit by Bryan Rust and loses puck.
5:03 of 1st period - Andreas Athanasiou is hit by Philipp Kurashev and loses puck.
9:09 of 1st period - Kyle Palmieri is hit by Roman Josi and loses puck.
9:45 of 1st period - Icing by Philipp Kurashev.
9:46 of 1st period - Sean Monahan wins face-off versus Philipp Kurashev in Colorado Rockies zone.
10:49 of 1st period - Shea Theodore is hit by Kevin Hayes and loses puck.
12:15 of 1st period - Kevin Hayes is hit by Sean Monahan and loses puck.
12:39 of 1st period - Kyle Palmieri is hit by Bryan Rust and loses puck.
12:52 of 1st period - Andrew Peeke is hit by Tyler Toffoli and loses puck.
13:47 of 1st period - Zach Whitecloud is hit by Tyler Toffoli and loses puck.
14:28 of 1st period - Kyle Connor is hit by Erik Johnson and loses puck.
14:44 of 1st period - Wrist shot by Sean Monahan.
14:44 of 1st period - Stopped by Joey Daccord with a rebound.
14:46 of 1st period - Snap shot by Thomas Chabot.
14:46 of 1st period - Deflect By David Pastrnak.
14:46 of 1st period - Stopped by Joey Daccord with a rebound.
14:59 of 1st period - Icing by Bryan Rust.
15:00 of 1st period - Andreas Athanasiou wins face-off versus Tim Stutzle in Vegas Golden Knights zone.
15:05 of 1st period - Backhand shot by Andreas Athanasiou.
15:05 of 1st period - Stopped by Joey Daccord without a rebound.
15:06 of 1st period - Tim Stutzle wins face-off versus Andreas Athanasiou in Colorado Rockies zone.
15:06 of 1st period - Tim Stutzle is hit by Travis Hamonic.
15:18 of 1st period - Snap shot by Nikita Kucherov.
15:18 of 1st period - Stopped by Mackenzie Blackwood with a rebound.
15:36 of 1st period - Snap shot by Mathieu Olivier.
15:36 of 1st period - Shot Misses the Net.
15:38 of 1st period - Slapshot by Thomas Chabot.
15:38 of 1st period - Stopped by Joey Daccord with a rebound.
16:04 of 1st period - Snap shot by Tim Stutzle.
16:04 of 1st period - Shot Misses the Net.
16:24 of 1st period - Slapshot by Tim Stutzle.
16:24 of 1st period - Shot Misses the Net.
16:27 of 1st period - Icing by Thomas Chabot.
16:28 of 1st period - Andreas Athanasiou wins face-off versus Kyle Palmieri in Vegas Golden Knights zone.
16:28 of 1st period - Andreas Athanasiou is hit by Martin Fehervary.
16:42 of 1st period - Off-side.
16:43 of 1st period - Sean Monahan wins face-off versus Kyle Palmieri in neutral zone.
17:11 of 1st period - Martin Fehervary is hit by Bryan Rust and loses puck.
17:20 of 1st period - Snap shot by Philipp Kurashev.
17:20 of 1st period - Shot Misses the Net.
18:38 of 1st period - Zach Whitecloud is hit by Mika Zibanejad.
19:11 of 1st period - Wrist shot by Bryan Rust.
19:11 of 1st period - Stopped by Joey Daccord with a rebound.
19:31 of 1st period - Slapshot by Kyle Connor.
19:31 of 1st period - Shot Blocked by Roman Josi.
Goals for this period are 0 for Vegas Golden Knights vs 0 for Colorado Rockies.
Shots for this period are 7 for Vegas Golden Knights vs 3 for Colorado Rockies.
2nd period
0:01 of 2nd period - Sean Monahan wins face-off versus Kyle Palmieri in neutral zone.
0:57 of 2nd period - Slapshot by Victor Hedman.
0:57 of 2nd period - Stopped by Mackenzie Blackwood with a rebound.
0:59 of 2nd period - Slapshot by Victor Hedman.
0:59 of 2nd period - Shot Blocked by Jared McCann.
1:20 of 2nd period - Icing by Jack Johnson.
1:21 of 2nd period - Sean Monahan wins face-off versus Nick Schmaltz in Vegas Golden Knights zone.
2:11 of 2nd period - Quinn Hughes is hit by Mathieu Olivier and loses puck.
2:32 of 2nd period - Slapshot by Vince Dunn.
2:32 of 2nd period - Shot Misses the Net.
2:34 of 2nd period - Wrist shot by Vince Dunn.
2:34 of 2nd period - Stopped by Mackenzie Blackwood with a rebound.
2:36 of 2nd period - Slapshot by Zach Whitecloud.
2:36 of 2nd period - Stopped by Mackenzie Blackwood without a rebound.
2:37 of 2nd period - Mika Zibanejad wins face-off versus Nick Schmaltz in Vegas Golden Knights zone.
3:04 of 2nd period - Vince Dunn is hit by Travis Hamonic and loses puck.
4:03 of 2nd period - Jordan Staal is hit by Nick Schmaltz and loses puck.
4:44 of 2nd period - Wrist shot by Tyler Toffoli.
4:44 of 2nd period - Deflect By Vince Dunn.
4:44 of 2nd period - Stopped by Joey Daccord with a rebound.
4:56 of 2nd period - Slapshot by Mika Zibanejad.
4:56 of 2nd period - Shot Misses the Net.
5:28 of 2nd period - Minor Penalty to Mathew Barzal for Roughing.
5:29 of 2nd period - Jordan Staal wins face-off versus Tim Stutzle in Vegas Golden Knights zone.
7:28 of 2nd period - Penalty to Mathew Barzal is over, Mathew Barzal is back on ice.
7:35 of 2nd period - Snap shot by Tyler Toffoli.
7:35 of 2nd period - Shot Blocked by Nick Schmaltz.
7:56 of 2nd period - Slapshot by Victor Hedman.
7:56 of 2nd period - Shot Misses the Net.
7:58 of 2nd period - Minor Penalty to Auston Matthews for Tripping.
7:59 of 2nd period - Nikita Kucherov wins face-off versus Andreas Athanasiou in Vegas Golden Knights zone.
8:48 of 2nd period - Slapshot by Tim Stutzle.
8:48 of 2nd period - Shot Misses the Net.
8:50 of 2nd period - Slapshot by Andrew Peeke.
8:50 of 2nd period - Stopped by Mackenzie Blackwood with a rebound.
8:52 of 2nd period - Wrist shot by Nikita Kucherov.
8:52 of 2nd period - Stopped by Mackenzie Blackwood with a rebound.
8:54 of 2nd period - Wrist shot by Nikita Kucherov.
8:54 of 2nd period - Deflect By Tim Stutzle.
8:54 of 2nd period - Goal by Tim Stutzle - Vegas Golden Knights : 0 - Colorado Rockies : 1.
8:55 of 2nd period - Mika Zibanejad wins face-off versus Kyle Palmieri in neutral zone.
9:02 of 2nd period - Wrist shot by Mika Zibanejad.
9:02 of 2nd period - Stopped by Joey Daccord with a rebound.
9:27 of 2nd period - Double Minor Penalty to Travis Hamonic for High sticking.
9:28 of 2nd period - Tim Stutzle wins face-off versus Andreas Athanasiou in Vegas Golden Knights zone.
9:28 of 2nd period - Snap shot by Kyle Connor.
9:28 of 2nd period - Shot Misses the Net.
10:05 of 2nd period - Snap shot by Jesper Bratt.
10:05 of 2nd period - Shot Blocked by Mathieu Olivier.
10:07 of 2nd period - Slapshot by Andrew Peeke.
10:07 of 2nd period - Shot Blocked by Andreas Athanasiou.
10:09 of 2nd period - Slapshot by Vince Dunn.
10:09 of 2nd period - Stopped by Mackenzie Blackwood without a rebound.
10:10 of 2nd period - Kyle Palmieri wins face-off versus Jordan Staal in Vegas Golden Knights zone.
10:11 of 2nd period - Wrist shot by David Pastrnak.
10:11 of 2nd period - Shot Blocked by Jack Johnson.
10:25 of 2nd period - Jack Johnson is hit by Jesper Bratt and loses puck.
10:42 of 2nd period - Wrist shot by Tim Stutzle.
10:42 of 2nd period - Stopped by Mackenzie Blackwood without a rebound.
10:43 of 2nd period - Tim Stutzle wins face-off versus Andreas Athanasiou in Vegas Golden Knights zone.
10:51 of 2nd period - Icing by Martin Fehervary.
10:52 of 2nd period - Tim Stutzle wins face-off versus Jordan Staal in Colorado Rockies zone.
11:27 of 2nd period - Slapshot by Tim Stutzle.
11:27 of 2nd period - Deflect By Thomas Chabot.
11:27 of 2nd period - Stopped by Mackenzie Blackwood without a rebound.
11:28 of 2nd period - Jordan Staal wins face-off versus Kyle Palmieri in Vegas Golden Knights zone.
11:41 of 2nd period - Slapshot by Vince Dunn.
11:41 of 2nd period - Stopped by Mackenzie Blackwood without a rebound.
11:42 of 2nd period - Kyle Palmieri wins face-off versus Andreas Athanasiou in Vegas Golden Knights zone.
11:55 of 2nd period - Wrist shot by Jesper Bratt.
11:55 of 2nd period - Stopped by Mackenzie Blackwood with a rebound.
11:57 of 2nd period - Wrist shot by Martin Fehervary.
11:57 of 2nd period - Deflect By Erik Johnson.
11:57 of 2nd period - Stopped by Mackenzie Blackwood with a rebound.
12:29 of 2nd period - Snap shot by Shea Theodore.
12:29 of 2nd period - Shot Misses the Net.
13:01 of 2nd period - Andreas Athanasiou is hit by Jesper Bratt and loses puck.
13:27 of 2nd period - Penalty to Travis Hamonic is over, Travis Hamonic is back on ice.
13:34 of 2nd period - Snap shot by Nick Schmaltz.
13:34 of 2nd period - Stopped by Mackenzie Blackwood without a rebound.
13:35 of 2nd period - Nick Schmaltz wins face-off versus Mika Zibanejad in Vegas Golden Knights zone.
14:32 of 2nd period - Slapshot by Anthony Mantha.
14:32 of 2nd period - Stopped by Joey Daccord with a rebound.
14:34 of 2nd period - Slapshot by Shea Theodore.
14:34 of 2nd period - Stopped by Joey Daccord without a rebound.
14:35 of 2nd period - Kyle Palmieri wins face-off versus Mika Zibanejad in Colorado Rockies zone.
14:39 of 2nd period - Off-side.
14:40 of 2nd period - Kyle Palmieri wins face-off versus Bryan Rust in neutral zone.
14:53 of 2nd period - Wrist shot by David Pastrnak.
14:53 of 2nd period - Shot Blocked by Auston Matthews.
14:55 of 2nd period - Wrist shot by Jesper Bratt.
14:55 of 2nd period - Stopped by Mackenzie Blackwood with a rebound.
14:57 of 2nd period - Wrist shot by Kyle Palmieri.
14:57 of 2nd period - Shot Misses the Net.
15:13 of 2nd period - Snap shot by Jared McCann.
15:13 of 2nd period - Deflect By Sean Monahan.
15:13 of 2nd period - Stopped by Joey Daccord without a rebound.
15:14 of 2nd period - Tim Stutzle wins face-off versus Sean Monahan in Colorado Rockies zone.
15:27 of 2nd period - Wrist shot by Tim Stutzle.
15:27 of 2nd period - Shot Misses the Net.
15:55 of 2nd period - Snap shot by Jesper Bratt.
15:55 of 2nd period - Deflect By Auston Matthews.
15:55 of 2nd period - Shot Blocked by Travis Hamonic.
15:55 of 2nd period - Puck is out of play.
15:56 of 2nd period - Nick Schmaltz wins face-off versus Reilly Smith in Vegas Golden Knights zone.
15:57 of 2nd period - Snap shot by Quinn Hughes.
15:57 of 2nd period - Stopped by Mackenzie Blackwood with a rebound.
15:59 of 2nd period - Slapshot by Michael Bunting.
15:59 of 2nd period - Deflect By Roman Josi.
15:59 of 2nd period - Stopped by Mackenzie Blackwood with a rebound.
16:01 of 2nd period - Wrist shot by Quinn Hughes.
16:01 of 2nd period - Shot Blocked by Jordan Staal.
16:25 of 2nd period - Jesper Bratt is hit by Tyler Toffoli and loses puck.
16:30 of 2nd period - Snap shot by Sean Monahan.
16:30 of 2nd period - Deflect By Tyler Toffoli.
16:30 of 2nd period - Stopped by Joey Daccord with a rebound.
16:32 of 2nd period - Snap shot by Sean Monahan.
16:32 of 2nd period - Stopped by Joey Daccord without a rebound.
16:33 of 2nd period - Tim Stutzle wins face-off versus Mika Zibanejad in Colorado Rockies zone.
16:48 of 2nd period - Snap shot by Kyle Connor.
16:48 of 2nd period - Stopped by Mackenzie Blackwood with a rebound.
17:10 of 2nd period - Off-side.
17:11 of 2nd period - Mika Zibanejad wins face-off versus Nick Schmaltz in neutral zone.
17:38 of 2nd period - Jared McCann is hit by David Pastrnak and loses puck.
18:09 of 2nd period - Wrist shot by Tim Stutzle.
18:09 of 2nd period - Shot Misses the Net.
18:21 of 2nd period - Wrist shot by Anthony Mantha.
18:21 of 2nd period - Stopped by Joey Daccord with a rebound.
18:26 of 2nd period - Off-side.
18:27 of 2nd period - Kyle Palmieri wins face-off versus Mika Zibanejad in neutral zone.
18:36 of 2nd period - Wrist shot by Mika Zibanejad.
18:36 of 2nd period - Stopped by Joey Daccord without a rebound.
18:37 of 2nd period - Mika Zibanejad wins face-off versus Kyle Palmieri in Colorado Rockies zone.
18:38 of 2nd period - Slapshot by Bryan Rust.
18:38 of 2nd period - Stopped by Joey Daccord with a rebound.
18:48 of 2nd period - Wrist shot by Bryan Rust.
18:48 of 2nd period - Stopped by Joey Daccord with a rebound.
18:50 of 2nd period - Wrist shot by Mika Zibanejad.
18:50 of 2nd period - Shot Misses the Net.
18:52 of 2nd period - Slapshot by Roman Josi.
18:52 of 2nd period - Shot Misses the Net.
18:54 of 2nd period - Backhand shot by Roman Josi.
18:54 of 2nd period - Stopped by Joey Daccord with a rebound.
18:56 of 2nd period - Wrist shot by Mika Zibanejad.
18:56 of 2nd period - Shot Blocked by Kyle Palmieri.
18:58 of 2nd period - Slapshot by Shea Theodore.
18:58 of 2nd period - Shot Hit the Post.
19:00 of 2nd period - Wrist shot by Bryan Rust.
19:00 of 2nd period - Stopped by Joey Daccord without a rebound.
19:01 of 2nd period - Sean Monahan wins face-off versus Nick Schmaltz in Colorado Rockies zone.
19:12 of 2nd period - Slapshot by Sean Monahan.
19:12 of 2nd period - Stopped by Joey Daccord without a rebound.
19:13 of 2nd period - Tyler Toffoli wins face-off versus Tim Stutzle in Colorado Rockies zone.
19:14 of 2nd period - Wrist shot by Jared McCann.
19:14 of 2nd period - Stopped by Joey Daccord with a rebound.
19:16 of 2nd period - Backhand shot by Tyler Toffoli.
19:16 of 2nd period - Shot Misses the Net.
19:18 of 2nd period - Slapshot by Jared McCann.
19:18 of 2nd period - Stopped by Joey Daccord with a rebound.
19:20 of 2nd period - Wrist shot by Sean Monahan.
19:20 of 2nd period - Shot Blocked by Victor Hedman.
19:45 of 2nd period - Snap shot by Nick Schmaltz.
19:45 of 2nd period - Shot Misses the Net.
19:47 of 2nd period - Slapshot by Martin Fehervary.
19:47 of 2nd period - Stopped by Mackenzie Blackwood without a rebound.
19:48 of 2nd period - Kyle Palmieri wins face-off versus Sean Monahan in Vegas Golden Knights zone.
19:51 of 2nd period - Wrist shot by David Pastrnak.
19:51 of 2nd period - Stopped by Mackenzie Blackwood without a rebound.
19:52 of 2nd period - Kyle Palmieri wins face-off versus Sean Monahan in Vegas Golden Knights zone.
Goals for this period are 0 for Vegas Golden Knights vs 1 for Colorado Rockies.
Shots for this period are 16 for Vegas Golden Knights vs 19 for Colorado Rockies.
3rd period
0:01 of 3rd period - Nick Schmaltz wins face-off versus Mika Zibanejad in neutral zone.
0:37 of 3rd period - Wrist shot by Tyler Toffoli.
0:37 of 3rd period - Shot Misses the Net.
0:50 of 3rd period - Tyler Toffoli is hit by Tim Stutzle and loses puck.
0:55 of 3rd period - Wrist shot by Nikita Kucherov.
0:55 of 3rd period - Stopped by Mackenzie Blackwood with a rebound.
0:57 of 3rd period - Slapshot by Martin Fehervary.
0:57 of 3rd period - Shot Blocked by Roman Josi.
0:59 of 3rd period - Slapshot by Martin Fehervary.
0:59 of 3rd period - Deflect By Tim Stutzle.
0:59 of 3rd period - Shot Misses the Net.
0:59 of 3rd period - Puck is out of play.
1:00 of 3rd period - Kyle Palmieri wins face-off versus Jordan Staal in Vegas Golden Knights zone.
1:09 of 3rd period - Wrist shot by Mathew Barzal.
1:09 of 3rd period - Stopped by Joey Daccord without a rebound.
1:10 of 3rd period - Jordan Staal wins face-off versus Kyle Palmieri in Colorado Rockies zone.
1:17 of 3rd period - Reilly Smith is hit by Vince Dunn and loses puck.
1:32 of 3rd period - Wrist shot by David Pastrnak.
1:32 of 3rd period - Deflect By Mathew Barzal.
1:32 of 3rd period - Shot Blocked by Jordan Staal.
1:32 of 3rd period - Puck is out of play.
1:33 of 3rd period - Mika Zibanejad wins face-off versus Nick Schmaltz in Vegas Golden Knights zone.
2:49 of 3rd period - Off-side.
2:50 of 3rd period - Kyle Palmieri wins face-off versus Mika Zibanejad in neutral zone.
3:02 of 3rd period - Snap shot by Auston Matthews.
3:02 of 3rd period - Stopped by Joey Daccord without a rebound.
3:03 of 3rd period - Nick Schmaltz wins face-off versus Mika Zibanejad in Colorado Rockies zone.
3:58 of 3rd period - Snap shot by Jared McCann.
3:58 of 3rd period - Goal by Jared McCann - Vegas Golden Knights : 1 - Colorado Rockies : 1.
3:59 of 3rd period - Jordan Staal wins face-off versus Tim Stutzle in neutral zone.
3:59 of 3rd period - Mathew Barzal is hit by Kyle Connor and loses puck.
5:00 of 3rd period - Slapshot by Philipp Kurashev.
5:00 of 3rd period - Shot Misses the Net.
5:02 of 3rd period - Minor Penalty to Bryan Rust for Tripping.
5:03 of 3rd period - Kyle Palmieri wins face-off versus Jordan Staal in Vegas Golden Knights zone.
5:04 of 3rd period - Slapshot by David Pastrnak.
5:04 of 3rd period - Deflect By Jesper Bratt.
5:04 of 3rd period - Stopped by Mackenzie Blackwood without a rebound.
5:05 of 3rd period - Jordan Staal wins face-off versus Kyle Palmieri in Vegas Golden Knights zone.
5:05 of 3rd period - Jordan Staal is hit by Martin Fehervary.
5:48 of 3rd period - Snap shot by Jesper Bratt.
5:48 of 3rd period - Stopped by Mackenzie Blackwood with a rebound.
5:50 of 3rd period - Snap shot by David Pastrnak.
5:50 of 3rd period - Stopped by Mackenzie Blackwood with a rebound.
6:08 of 3rd period - Wrist shot by David Pastrnak.
6:08 of 3rd period - Shot Misses the Net.
6:10 of 3rd period - Slapshot by Victor Hedman.
6:10 of 3rd period - Shot Misses the Net.
6:14 of 3rd period - Snap shot by Kyle Palmieri.
6:14 of 3rd period - Stopped by Mackenzie Blackwood without a rebound.
6:15 of 3rd period - Jordan Staal wins face-off versus Tim Stutzle in Vegas Golden Knights zone.
7:02 of 3rd period - Penalty to Bryan Rust is over, Bryan Rust is back on ice.
7:04 of 3rd period - Thomas Chabot is hit by Kevin Hayes and loses puck.
7:21 of 3rd period - Slapshot by Thomas Chabot.
7:21 of 3rd period - Shot Misses the Net.
7:23 of 3rd period - Snap shot by Tyler Toffoli.
7:23 of 3rd period - Shot Misses the Net.
7:25 of 3rd period - Snap shot by Jared McCann.
7:25 of 3rd period - Stopped by Joey Daccord without a rebound.
7:26 of 3rd period - Sean Monahan wins face-off versus Nick Schmaltz in Colorado Rockies zone.
7:27 of 3rd period - Backhand shot by Tyler Toffoli.
7:27 of 3rd period - Stopped by Joey Daccord with a rebound.
7:39 of 3rd period - Wrist shot by Nick Schmaltz.
7:39 of 3rd period - Shot Misses the Net.
7:51 of 3rd period - Auston Matthews is hit by Nikita Kucherov and loses puck.
8:02 of 3rd period - Slapshot by Bryan Rust.
8:02 of 3rd period - Shot Blocked by Victor Hedman.
8:14 of 3rd period - Slapshot by Victor Hedman.
8:14 of 3rd period - Shot Blocked by Andreas Athanasiou.
9:14 of 3rd period - Wrist shot by Jared McCann.
9:14 of 3rd period - Shot Misses the Net.
9:16 of 3rd period - Slapshot by Thomas Chabot.
9:16 of 3rd period - Shot Blocked by Andrew Peeke.
9:18 of 3rd period - Slapshot by Thomas Chabot.
9:18 of 3rd period - Stopped by Joey Daccord with a rebound.
9:20 of 3rd period - Snap shot by Tyler Toffoli.
9:20 of 3rd period - Stopped by Joey Daccord with a rebound.
9:22 of 3rd period - Wrist shot by Thomas Chabot.
9:22 of 3rd period - Stopped by Joey Daccord without a rebound.
9:23 of 3rd period - Tim Stutzle wins face-off versus Jordan Staal in Colorado Rockies zone.
9:23 of 3rd period - Tim Stutzle is hit by Jordan Staal.
9:49 of 3rd period - Jesper Bratt is hit by Tyler Toffoli and loses puck.
9:58 of 3rd period - Wrist shot by Sean Monahan.
9:58 of 3rd period - Stopped by Joey Daccord with a rebound.
10:12 of 3rd period - Wrist shot by Philipp Kurashev.
10:12 of 3rd period - Stopped by Mackenzie Blackwood with a rebound.
11:13 of 3rd period - Icing by Andrew Peeke.
11:14 of 3rd period - Jordan Staal wins face-off versus Jesper Bratt in Colorado Rockies zone.
11:28 of 3rd period - Wrist shot by Kyle Palmieri.
11:28 of 3rd period - Shot Blocked by Erik Johnson.
12:19 of 3rd period - Slapshot by Victor Hedman.
12:19 of 3rd period - Shot Misses the Net.
12:21 of 3rd period - Snap shot by David Pastrnak.
12:21 of 3rd period - Stopped by Mackenzie Blackwood without a rebound.
12:22 of 3rd period - Mika Zibanejad wins face-off versus Tim Stutzle in Vegas Golden Knights zone.
12:29 of 3rd period - Wrist shot by Bryan Rust.
12:29 of 3rd period - Shot Misses the Net.
12:31 of 3rd period - Snap shot by Auston Matthews.
12:31 of 3rd period - Goal by Auston Matthews - Vegas Golden Knights : 2 - Colorado Rockies : 1.
12:32 of 3rd period - Sean Monahan wins face-off versus Nick Schmaltz in neutral zone.
12:43 of 3rd period - Slapshot by Sean Monahan.
12:43 of 3rd period - Shot Misses the Net.
12:57 of 3rd period - Quinn Hughes is hit by Mika Zibanejad and loses puck.
13:06 of 3rd period - Wrist shot by Mika Zibanejad.
13:06 of 3rd period - Stopped by Joey Daccord with a rebound.
13:08 of 3rd period - Snap shot by Bryan Rust.
13:08 of 3rd period - Stopped by Joey Daccord with a rebound.
13:10 of 3rd period - Snap shot by Thomas Chabot.
13:10 of 3rd period - Stopped by Joey Daccord with a rebound.
13:22 of 3rd period - Snap shot by Jordan Staal.
13:22 of 3rd period - Deflect By Reilly Smith.
13:22 of 3rd period - Shot Blocked by Andrew Peeke.
13:22 of 3rd period - Puck is out of play.
13:23 of 3rd period - Reilly Smith wins face-off versus Nick Schmaltz in Colorado Rockies zone.
13:24 of 3rd period - Snap shot by Mathew Barzal.
13:24 of 3rd period - Stopped by Joey Daccord without a rebound.
13:25 of 3rd period - Jordan Staal wins face-off versus Nick Schmaltz in Colorado Rockies zone.
13:26 of 3rd period - Wrist shot by Mathew Barzal.
13:26 of 3rd period - Shot Blocked by Vince Dunn.
14:22 of 3rd period - Wrist shot by Jared McCann.
14:22 of 3rd period - Deflect By Sean Monahan.
14:22 of 3rd period - Shot Blocked by Philipp Kurashev.
14:22 of 3rd period - Puck is out of play.
14:23 of 3rd period - Bryan Rust wins face-off versus Nick Schmaltz in Colorado Rockies zone.
14:28 of 3rd period - Wrist shot by Bryan Rust.
14:28 of 3rd period - Deflect By Auston Matthews.
14:28 of 3rd period - Shot Misses the Net.
14:28 of 3rd period - Puck is out of play.
14:29 of 3rd period - Mika Zibanejad wins face-off versus Nick Schmaltz in Colorado Rockies zone.
14:36 of 3rd period - Martin Fehervary is hit by Thomas Chabot and loses puck.
15:01 of 3rd period - Slapshot by David Pastrnak.
15:01 of 3rd period - Stopped by Mackenzie Blackwood without a rebound.
15:02 of 3rd period - Jordan Staal wins face-off versus Evgeny Kuznetsov in Vegas Golden Knights zone.
15:16 of 3rd period - Minor Penalty to Nick Bonino for Tripping.
15:17 of 3rd period - Mika Zibanejad wins face-off versus Nikita Kucherov in Colorado Rockies zone.
15:48 of 3rd period - Victor Hedman is hit by Jared McCann and loses puck.
17:16 of 3rd period - Penalty to Nick Bonino is over, Nick Bonino is back on ice.
18:04 of 3rd period - Evgeny Kuznetsov is hit by Auston Matthews and loses puck.
18:15 of 3rd period - Travis Hamonic is hit by Zach Whitecloud and loses puck.
18:51 of 3rd period - Snap shot by Jordan Staal.
18:51 of 3rd period - Shot Blocked by Michael Bunting.
18:53 of 3rd period - Snap shot by Thomas Chabot.
18:53 of 3rd period - Goal by Thomas Chabot - Vegas Golden Knights : 3 - Colorado Rockies : 1.
18:54 of 3rd period - Jordan Staal wins face-off versus Nick Schmaltz in neutral zone.
19:11 of 3rd period - Roman Josi is hit by Michael Bunting and loses puck.
19:24 of 3rd period - Andrew Peeke is hit by Roman Josi and loses puck.
19:29 of 3rd period - Wrist shot by Anthony Mantha.
19:29 of 3rd period - Shot Misses the Net.
19:31 of 3rd period - Wrist shot by Anthony Mantha.
19:31 of 3rd period - Shot Misses the Net.
19:33 of 3rd period - Slapshot by Roman Josi.
19:33 of 3rd period - Shot Misses the Net.
19:45 of 3rd period - Wrist shot by Sean Monahan.
19:45 of 3rd period - Shot Misses the Net.
19:53 of 3rd period - Snap shot by Kyle Palmieri.
19:53 of 3rd period - Goal by Kyle Palmieri - Vegas Golden Knights : 3 - Colorado Rockies : 2.
19:54 of 3rd period - Tim Stutzle wins face-off versus Mathieu Olivier in neutral zone.
19:56 of 3rd period - Off-side.
19:57 of 3rd period - Bruce Cassidy call a timeout for Colorado Rockies.
19:57 of 3rd period - Jordan Staal wins face-off versus Nikita Kucherov in neutral zone.
Goals for this period are 3 for Vegas Golden Knights vs 1 for Colorado Rockies.
Shots for this period are 15 for Vegas Golden Knights vs 9 for Colorado Rockies.
Back to the Top